 Dungeon Crawl Stone Soup version 0.23.2-40-g277498a (webtiles) character file.

Game seed: 3424479602291044575

298 Balder the Shield-Bearer (level 6, -2/42 HPs)
             Began as a Halfling Fighter on Sept 11, 2019.
             Was an Initiate of Okawaru.
             Slain by a slave (6 damage)
             ... led by Pikel
             ... on level 5 of the Dungeon.
             The game lasted 00:22:28 (3800 turns).

Balder the Shield-Bearer (Halfling Fighter)         Turns: 3800, Time: 00:22:29

Health: -2/42      AC: 11    Str: 23    XL:     6   Next: 62%
Magic:  6/6        EV:  8    Int:  6    God:    Okawaru [......]
Gold:   151        SH: 10    Dex: 15    Spells: 5/5 levels left

rFire    . . .     SeeInvis .   a - +0 long sword
rCold    . . .     Gourm    +   c - +0 shield
rNeg     . . .     Faith    .   o - +0 chain mail
rPois    .         Spirit   .   u - +0 helmet
rElec    .         Reflect  .   (no cloak)
rCorr    .         Harm     .   (no gloves)
MR       .....                  g - +0 pair of boots
Stlth    ..........             r - amulet of the gourmand
HPRegen  0.14/turn              (no ring)
MPRegen  0.10/turn              (no ring)

@: mighty
A: small, mutation resistance 1
a: Renounce Religion


You were on level 5 of the Dungeon.
You worshipped Okawaru.
Okawaru was noncommittal.
You were not hungry.

You visited 2 branches of the dungeon, and saw 6 of its levels.

You collected 151 gold pieces.

Inventory:

Hand Weapons
 a - a +0 long sword (weapon)
 b - a +3 hunting sling
 d - a +0 morningstar
 x - a +2 flail of protection
Missiles
 j - 47 sling bullets
 y - 5 tomahawks (quivered)
Armour
 c - a +0 shield (worn)
 g - a +0 pair of boots (worn)
 o - a +0 chain mail (worn)
 u - a +0 helmet (worn)
Jewellery
 p - an uncursed ring of ice
 r - an amulet of the gourmand (around neck)
Scrolls
 h - 2 scrolls of magic mapping
 i - 4 scrolls of identify
 k - a scroll of amnesia {unknown}
 n - 4 scrolls of teleportation
 q - a scroll of blinking {unknown}
 v - 2 scrolls of remove curse {unknown}
Potions
 e - a potion of curing {unknown}
 l - a potion of brilliance {unknown}
 m - a potion of agility {unknown}
 s - a potion of lignification {unknown}
 t - a potion of magic {unknown}
 z - a potion of heal wounds {unknown}
Comestibles
 f - 4 rations


   Skills:
 * Level 3.2 Fighting
 * Level 3.8 Long Blades
 * Level 0.4 Maces & Flails
 * Level 2.1 Slings
 * Level 3.9 Armour
 * Level 1.8 Dodging
 * Level 2.1 Stealth
 * Level 4.3 Shields


You had 5 spell levels left.
You didn't know any spells.
Your spell library contained the following spells:

 Spells                   Type           Power        Failure   Level  Hunger
 Animate Skeleton         Necr           N/A          100%        1    ##.....
 Apportation              Tloc           #.....       100%        1    ##.....
 Confusing Touch          Hex            #.....       100%        1    ##.....
 Summon Small Mammal      Summ           #...         100%        1    ##.....


Dungeon Overview and Level Annotations

Branches:
Dungeon (5/15)             Temple (1/1) D:5

Altars:
Ashenzari
Dithmenos
Hepliaklqana
Kikubaaqudgha
Nemelex Xobeh
Okawaru
Qazlal
Trog
Vehumet
Wu Jian
Xom
Zin

Annotations:
D:5 Pikel


Innate Abilities, Weirdness & Mutations

You are small and have problems with some larger weapons.
You are somewhat resistant to further mutation.


Message History

The worker ant is lightly wounded.
The worker ant closely misses you.
You riposte.
You hit the worker ant.
The worker ant is moderately wounded.
You feel very mighty all of a sudden. The worker ant bites you.
* * * LOW HITPOINT WARNING * * *
You closely miss the slave. The worker ant bites you.
* * * LOW HITPOINT WARNING * * *
The slave hits you but does no damage. You block the worker ant's attack.
The slave hits you but does no damage.
You hit the slave.
The slave is lightly wounded.
The worker ant closely misses you.
You riposte.
You slash the worker ant!
You kill the worker ant!
Okawaru accepts your kill. The slave closely misses you.
You slash the slave!
The slave is severely wounded.
The slave hits you.
You die...

#......5.......###..............
##.....p.......##...............
............##...............##..
............##.......#........##.
.[.#........#...#................
#######.#...p.p##................
###.....p##.......>.......#
#......#K#......(......<.#
.....?...5p@.##.............
...........##..#.......#.....
.....!........<........##....
P..##..................###... P..
#####.#..##...###........
#########...#.###....
#......####.. ####.........
###.......


You could see Pikel, 4 slaves and a crimson imp.

Vanquished Creatures
  An orc wizard (D:3)
  2 worker ants (D:5)
  A hound skeleton (D:5)
  Robin (D:2)
  A howler monkey skeleton (D:5)
  6 adders
  3 oozes
  4 worms
  3 dart slugs
  7 orcs (D:3)
  7 giant cockroaches
  10 hobgoblins
  3 jackals (D:2)
  3 quokkas
  A ball python (D:2)
  8 bats
  5 frilled lizards
  21 goblins
  A hobgoblin zombie (D:4)
  7 kobolds
  5 rats
100 creatures vanquished.

Notes
Turn   | Place    | Note
-------+----------+-------------------------------------------
     0 | D:1      | Balder the Halfling Fighter began the quest for the Orb.
     0 | D:1      | Reached XP level 1. HP: 15/15 MP: 1/1
   145 | D:1      | Reached XP level 2. HP: 20/20 MP: 2/2
   480 | D:1      | Reached XP level 3. HP: 25/25 MP: 3/3
  1039 | D:2      | Reached skill level 1 in Stealth
  1237 | D:2      | Reached XP level 4. HP: 30/31 MP: 4/4
  1246 | D:2      | Reached skill level 1 in Dodging
  1328 | D:2      | Found a hazy altar of Hepliaklqana.
  1505 | D:2      | Found a shadowy altar of Dithmenos.
  1839 | D:2      | Noticed Robin
  1846 | D:2      | Killed Robin
  1846 | D:2      | Reached XP level 5. HP: 34/36 MP: 5/5
  1847 | D:2      | Reached skill level 4 in Shields
  1905 | D:2      | Found a glowing silver altar of Zin.
  1906 | D:2      | Noticed an angel
  1915 | D:2      | Found a shimmering altar of Xom.
  2669 | D:3      | Reached skill level 1 in Slings
  3005 | D:5      | Entered Level 5 of the Dungeon
  3018 | D:5      | Reached XP level 6. HP: 4/42 MP: 6/6
  3432 | D:5      | Found a staircase to the Ecumenical Temple.
  3437 | Temple   | Entered the Ecumenical Temple
  3467 | Temple   | Became a worshipper of Warmaster Okawaru
  3734 | D:5      | Found a shadowy altar of Dithmenos.
  3763 | D:5      | Noticed a slave
  3765 | D:5      | Noticed Pikel
  3765 | D:5      | Noticed a slave
  3771 | D:5      | Noticed a slave
  3771 | D:5      | Noticed a slave
  3800 | D:5      | Slain by a slave

Skill      XL: |  1  2  3  4  5  6 |
---------------+-------------------+-----
Fighting       | 3 |  3.2
Stealth        | 1 2 |  2.1
Dodging        | 1 |  1.8
Long Blades    | 3 |  3.8
Shields        | 4 |  4.3
Slings         | 1 2 |  2.1
Maces & Flails | |  0.4
Armour         | |  3.9

Action                   |  1- 3 |  4- 6 || total
-------------------------+-------+-------++-------
Melee: Long sword        |   122 |   203 ||   325
 Fire: Hunting sling     |       |    31 ||    31
  Use: Potion            |     1 |     1 ||     2
       Scroll            |       |     5 ||     5
  Eat: Chunk             |     1 |     9 ||    10
       Ration            |       |     1 ||     1
Armor: Scale mail        |    53 |       ||    53
       Chain mail        |     2 |   102 ||   104
Dodge: Dodged            |    46 |    65 ||   111
Block: Shield            |    79 |   133 ||   212
       Rpst.: Long sword |    15 |    23 ||    38
